 Dungeon Crawl Stone Soup version 0.21.1-1-g345015f (webtiles) character file.

171 sking99 the Chopper (level 5, 0/47 HPs)
             Began as a Hill Orc Monk on June 28, 2018.
             Was a Believer of the Shining One.
             Slain by a phantom (7 damage)
             ... on level 4 of the Dungeon.
             The game lasted 00:05:38 (2950 turns).

sking99 the Chopper (Hill Orc Monk)                 Turns: 2950, Time: 00:05:38

Health: 0/47       AC:  3    Str: 15    XL:     5   Next: 51%
Magic:  4/7        EV: 13    Int: 10    God:    the Shining One [**....]
Gold:   136        SH:  7    Dex: 13    Spells: 4/4 levels left

rFire    . . .     SeeInvis .   a - +0 hand axe
rCold    . . .     Gourm    +   (no shield)
rNeg     + . .     Faith    .   b - +0 robe
rPois    .         Spirit   .   f - +0 helmet
rElec    .         Reflect  .   (no cloak)
rCorr    .         Harm     .   (no gloves)
MR       .....                  (no boots)
Stlth    +.........             k - amulet of the gourmand
HPRegen  0.15/turn              (no ring)
MPRegen  0.10/turn              (no ring)

@: divine shield, glowing
A: no striking features
a: Divine Shield, Renounce Religion


You were on level 4 of the Dungeon.
You worshipped the Shining One.
The Shining One was pleased with you.
You were not hungry.

You visited 1 branch of the dungeon, and saw 4 of its levels.

You collected 136 gold pieces.

Inventory:

Hand Weapons
 a - a +0 hand axe (weapon)
Armour
 b - a +0 robe (worn)
 f - a +0 helmet (worn)
Jewellery
 i - an uncursed amulet of magic regeneration
 k - an amulet of the gourmand (around neck)
Scrolls
 e - 3 scrolls of remove curse
 g - 3 scrolls of teleportation
 j - a scroll of identify
 l - 2 scrolls of enchant armour
Potions
 d - a potion of magic {unknown}
Comestibles
 c - 6 rations


   Skills:
 + Level 4.8 Fighting
 * Level 6.3 Axes
 - Level 2.5 Dodging
 - Level 1.6 Stealth
 + Level 2.7 Invocations


You had 4 spell levels left.
You didn't know any spells.

Dungeon Overview and Level Annotations

Branches:
Dungeon (4/15)
 Temple: D:4-7

Altars:
Cheibriados
Fedhas
Xom
The Shining One


Message History

The phantom hits you.
* * * LOW HITPOINT WARNING * * *
You hit the phantom.
The phantom is heavily damaged.
The phantom blinks!
An ogre comes into view. It is wielding a giant club.
A divine shield forms around you!
You feel slightly more hungry.
The ogre shouts!
The phantom blinks!
The phantom blinks!
The phantom blinks!
The phantom blinks!
You hit the phantom but do no damage.
The phantom is heavily damaged.
The phantom hits you.
* * * LOW HITPOINT WARNING * * *
You hit the phantom.
The phantom is severely damaged.
The phantom hits you!
You die...

### #.# #.....######.#
#..$#.# #.............
...#.# #....#.......#
#####'#.#####....#.#######
.................#......#
#.....O.......######.#
#..!..........# #.#
#.............# #.#
###........@W.######.##
#.........####..<...#
#.........# #.######
########### #


You could see a phantom and an ogre.

Vanquished Creatures
  A big kobold (D:3)
  A worker ant (D:4)
  An adder (D:3)
  An ooze (D:2)
  3 dart slugs
  A leopard gecko (D:2)
  An orc (D:3)
  3 giant cockroaches
  2 goblins (D:1)
  12 hobgoblins
  8 jackals
  9 kobolds
  A quokka (D:4)
  5 bats
  3 frilled lizards
  5 rats
57 creatures vanquished.

Notes
Turn   | Place    | Note
-------+----------+-------------------------------------------
     0 | D:1      | sking99 the Hill Orc Monk began the quest for the Orb.
     0 | D:1      | Reached XP level 1. HP: 19/19 MP: 1/1
   224 | D:1      | Reached XP level 2. HP: 23/27 MP: 2/2
   318 | D:1      | Found a glowing golden altar of the Shining One.
   352 | D:1      | Became a worshipper of the Shining One
   352 | D:1      | Reached * piety under the Shining One
   352 | D:1      | Reached ** piety under the Shining One
   693 | D:2      | Found a blossoming altar of Fedhas.
   761 | D:2      | Reached XP level 3. HP: 33/33 MP: 3/3
   891 | D:2      | Reached skill level 1 in Invocations
  1005 | D:2      | Found a shimmering altar of Xom.
  1051 | D:2      | Reached skill level 5 in Axes
  1261 | D:3      | Found a snail-covered altar of Cheibriados.
  1552 | D:3      | Reached XP level 4. HP: 21/40 MP: 5/5
  1984 | D:3      | Noticed a big kobold
  2061 | D:3      | Noticed a big kobold
  2076 | D:3      | Killed a big kobold
  2076 | D:3      | Reached skill level 6 in Axes
  2076 | D:3      | Reached XP level 5. HP: 18/47 MP: 6/6
  2914 | D:4      | Noticed a phantom
  2944 | D:4      | Noticed an ogre
  2950 | D:4      | Slain by a phantom

Skill      XL: |  1  2  3  4 |
---------------+-------------+-----
Fighting       | 4 |  4.8
Invocations    | 1 2 |  2.7
Axes           | 5 6 |  6.3
Dodging        | |  2.5
Stealth        | |  1.6

Action                   |  1- 3 |  4- 6 || total
-------------------------+-------+-------++-------
Melee: Hand axe          |   116 |    65 ||   181
Invok: Divine Shield     |       |     1 ||     1
  Use: Potion            |       |     2 ||     2
       Scroll            |       |     5 ||     5
 Stab: Sleeping          |     1 |       ||     1
  Eat: Chunk             |     2 |     8 ||    10
Armor: Robe              |    28 |     6 ||    34
Dodge: Dodged            |    97 |    37 ||   134
